 Dungeon Crawl Stone Soup version 0.18-a0-816-g97f838e (webtiles) character file.

26903 homeworkjunkie the Severer (level 13, 0/118 HPs)
             Began as a Hill Orc Fighter on Dec 15, 2015.
             Was the Champion of Okawaru.
             Killed by divine providence
             ... invoked by Saint Roka
              (14 damage)
             ... on level 2 of the Orcish Mines.
             The game lasted 00:38:11 (13011 turns).

homeworkjunkie the Severer (Hill Orc Fighter)      Turns: 13011, Time: 00:38:11

Health: 0/118      AC: 32    Str: 29    XL:     13   Next: 29%
Magic:  27/27      EV:  9    Int: 13    God:    Okawaru [******]
Gold:   1580       SH: 11    Dex: 13    Spells: 0 memorised, 12 levels left

rFire  + . .     SeeInvis .     r - +4 broad axe (flame)
rCold  . . .     Clarity  .     k - +5 plate armour
rNeg   . . .     SustAt   .     l - +2 buckler {rF+}
rPois  .         Gourm    .     q - +3 hat of Pondering {ponderous, MR+ MP+10 Int+5}
rElec  .         Spirit   .     h - +0 cloak
rCorr  .         Dismiss  .     H - +1 pair of gloves {Dex+3}
rMut   .         Stasis   .     z - +2 pair of boots
MR     ++...                    i - +2 amulet of reflection
Stlth  ..........               w - ring of protection from magic
                                p - +3 ring of protection

@: mighty, slow, very resistant to hostile enchantments, extremely unstealthy
A: no striking features
a: Heroism, Finesse, Renounce Religion, Convert to Beogh


You were on level 2 of the Orcish Mines.
You worshipped Okawaru.
Okawaru was exalted by your worship.
You were not hungry.

You visited 3 branches of the dungeon, and saw 16 of its levels.

You collected 1790 gold pieces.
You spent 210 gold pieces at shops.

Inventory:

Hand Weapons
 r - a +4 broad axe of flaming (weapon)
Armour
 h - a +0 cloak (worn)
 k - a +5 plate armour (worn)
 l - a +2 buckler of fire resistance (worn)
 q - the +3 hat of Pondering (worn) {ponderous, MR+ MP+10 Int+5}
   (You took it off Gastronok on level 9 of the Dungeon)

   It affects your intelligence (+5).
   It affects your resistance to hostile enchantments.
   It affects your magic capacity (+10).
 z - a +2 pair of boots (worn)
 B - the +0 buckler of Ucisin {rElec MP-9 Int+6 Stlth+}
   (Okawaru gifted it to you on level 12 of the Dungeon)

   It affects your intelligence (+6).
   It insulates you from electricity.
   It affects your magic capacity (-9).
   It makes you more stealthy.
 H - a +1 pair of gloves of dexterity (worn)
Jewellery
 i - a +2 amulet of reflection (around neck)
 p - a +3 ring of protection (left hand)
 w - a ring of protection from magic (right hand)
 F - an uncursed ring of magical power
 K - an uncursed ring of fire
Wands
 b - a wand of cold (0)
 d - a wand of digging (9)
 o - a wand of lightning (0)
 v - a wand of confusion (20)
 y - a wand of fire (0)
Scrolls
 c - 2 scrolls of identify
 e - a scroll of teleportation
 s - a scroll of magic mapping
 D - a scroll of remove curse
 J - 2 scrolls of amnesia
Potions
 a - 2 potions of brilliance
 g - 3 potions of flight
 j - a potion of mutation
 t - 2 potions of haste
 A - a potion of cancellation
 I - a potion of magic
Comestibles
 f - 9 bread rations
 m - 3 meat rations
 C - 4 fruits
 G - 6 beef jerkies


   Skills:
 * Level 12.0 Fighting
 * Level 15.5 Axes
 + Level 0.5 Throwing
 * Level 9.7 Armour
 + Level 2.3 Dodging
 + Level 0.8 Stealth
 * Level 12.3 Shields
 * Level 6.4 Evocations


You had 12 spell levels left.
You didn't know any spells.

Dungeon Overview and Level Annotations

Branches:
Dungeon (13/15)            Temple (1/1) D:6            Lair (0/8) D:10
    Orc (2/2) D:12            Elf (0/3) Orc:2
 Vaults: D:13-14

Altars:
Cheibriados
Fedhas
Gozag
Kikubaaqudgha
Makhleb
Okawaru
Pakellas
Qazlal
Ru
Sif Muna
Yredelemnul
The Shining One
Beogh
Jiyva

Shops:
D:5 *!

Annotations:
D:13 Urug
Orc:2 Saint Roka


Message History

Saint Roka shouts, "Surrender to Beogh and we'll let you live!"
Saint Roka is moderately wounded.
Saint Roka invokes the aid of Beogh against you.
Something smites you!
You slash Saint Roka! You burn Saint Roka.
Saint Roka is heavily wounded.
Saint Roka invokes the aid of Beogh against you.
Something smites you!
* * * LOW HITPOINT WARNING * * *
You hit Saint Roka but do no damage.
Saint Roka is heavily wounded.
Drink which item? (? for menu, Esc to quit)
You feel better.
Saint Roka hits you with a vampiric war axe!!
* * * LOW HITPOINT WARNING * * *
You slice Saint Roka!! You burn Saint Roka!
Saint Roka is severely wounded.
Saint Roka invokes the aid of Beogh against you.
Something smites you!
You die...

............................,*
........#...................**
........................#..####
............................#.##
........................#..#...##
................................#
............................†....
............................o....
................@[[........4....#
.......####..#..o[.#.#####.##)...
,......*∩,####8.[)8###*,∩#..#.)o.
,......*,,,**#.....#**,,,#.#...o.
,,,,,,,**,,,*#.....#*,,,*####....
,*,,,,,,**,,,#...))#,,,** *#.....
*,,,,,,,**#...........#* #......
,,,,,,,***##.........##***##.#.##
,,,,,,,,,8.............8,,*###..#


You could see Saint Roka.

Vanquished Creatures
  Gastronok (D:9)
  Snorg (D:12)
  An orc high priest (Orc:2)
  The ghost of conein the Thaumaturge, a journeyman DEFE of Vehumet (D:10)
  2 unseen horrors
  5 orc knights
  A hill giant (D:11)
  2 deep elf magi
  3 ugly things (D:12)
  2 orc sorcerers (Orc:2)
  2 cyclopes
  Maurice (D:9)
  5 trolls
  3 two-headed ogres
  Prince Ribbit (D:8)
  Sigmund (D:5)
  2 shadows
  A wyvern (D:8)
  7 yaks
  Eustachio (D:5)
  A trapdoor spider (D:10)
  A basilisk (D:12)
  A steam dragon (D:10)
  Grum (D:9)
  3 hippogriffs
  4 wolves (D:9)
  2 wargs
  Edmund (D:5)
  A hungry ghost (D:10)
  3 water moccasins
  2 phantoms (D:8)
  7 ice beasts
  A black bear (D:7)
  35 orc warriors
  3 centaurs
  A wasp (D:11)
  12 ogres
  2 big kobolds
  5 giant frogs
  A wyvern zombie (D:11)
  A gnoll sergeant (D:6)
  A wyvern skeleton (D:9)
  A scorpion (D:6)
  3 killer bees (D:12)
  3 iron imps (D:5)
  A centaur zombie (D:8)
  6 crimson imps
  2 giant frog zombies
  11 hounds
  3 centaur skeletons
  5 jellies
  2 gnoll shamans (D:8)
  26 orc wizards
  An iguana (D:6)
  23 orc priests
  4 giant frog skeletons
  7 worker ants
  A hound zombie (D:7)
  2 hound skeletons
  10 gnolls
  3 river rats
  14 adders
  An ooze (D:4)
  2 adder skeletons
  4 worms
  8 giant geckos
  130 orcs
  3 giant cockroaches
  8 hobgoblins
  7 jackals
  14 kobolds
  9 quokkas
  3 ball pythons
  27 bats
  7 giant newts
  5 goblins
  A quokka skeleton (D:5)
  21 rats
  7 fungi (D:10)
  3 plants (D:10)
520 creatures vanquished.

Vanquished Creatures (others)
  A cyclops (D:10)
  A centaur (D:6)
  A gnoll (D:8)
  2 fungi (D:10)
5 creatures vanquished.

Grand Total: 525 creatures vanquished

Notes
Turn   | Place    | Note
--------------------------------------------------------------
     0 | D:1      | homeworkjunkie the Hill Orc Fighter began the quest for the Orb.
     0 | D:1      | Reached XP level 1. HP: 19/19 MP: 1/1
    51 | D:2      | Reached XP level 2. HP: 27/27 MP: 2/2
    87 | D:2      | Reached skill level 4 in Fighting
   208 | D:3      | Reached XP level 3. HP: 29/33 MP: 3/3
   307 | D:4      | Found an iron altar of Okawaru.
   315 | D:4      | Became a worshipper of Warmaster Okawaru
   355 | D:5      | Entered Level 5 of the Dungeon
   361 | D:5      | Noticed Eustachio
   372 | D:5      | Killed Eustachio
   372 | D:5      | Reached * piety under Okawaru
   372 | D:5      | Reached XP level 4. HP: 9/41 MP: 4/4
   372 | D:5      | Reached XP level 5. HP: 10/47 MP: 5/5
   683 | D:5      | Reached XP level 6. HP: 36/55 MP: 6/6
   690 | D:5      | Reached skill level 5 in Fighting
   690 | D:5      | Reached skill level 1 in Dodging
   692 | D:5      | Found a basalt altar of Yredelemnul.
   747 | D:5      | Found Loclekh's General Store.
   785 | D:5      | Noticed Edmund
   805 | D:5      | Killed Edmund
   805 | D:5      | Reached skill level 5 in Axes
  1047 | D:5      | Found a sacrificial altar of Ru.
  1080 | D:5      | Reached ** piety under Okawaru
  1080 | D:5      | Reached skill level 5 in Shields
  1080 | D:5      | Reached XP level 7. HP: 29/61 MP: 7/7
  1083 | D:5      | Reached skill level 5 in Armour
  1242 | D:4      | Reached skill level 6 in Axes
  1964 | D:1      | Reached XP level 8. HP: 65/69 MP: 8/8
  3025 | D:2      | Reached skill level 7 in Axes
  3701 | D:5      | Noticed Sigmund
  3709 | D:5      | Killed Sigmund
  3739 | D:5      | Found a glowing golden altar of the Shining One.
  3835 | D:5      | Found a burning altar of Makhleb.
  3857 | D:5      | Reached *** piety under Okawaru
  3989 | D:5      | Reached skill level 8 in Axes
  4114 | D:5      | Found Yjug Fel's Distillery.
  4117 | D:5      | Bought 2 potions of heal wounds for 140 gold pieces
  4117 | D:5      | Bought a potion of heal wounds for 70 gold pieces
  4138 | D:5      | Noticed an angel
  4264 | D:7      | Reached XP level 9. HP: 75/78 MP: 9/9
  4297 | D:6      | Reached skill level 9 in Axes
  4528 | D:6      | Reached **** piety under Okawaru
  4970 | D:6      | Reached skill level 1 in Evocations
  5249 | D:6      | Identified a scroll of acquirement
  5284 | D:6      | Found a staircase to the Ecumenical Temple.
  5334 | D:6      | Found a sacrificial altar of Ru.
  5380 | Temple   | Entered the Ecumenical Temple
  5489 | D:7      | Reached skill level 10 in Axes
  5491 | D:7      | Reached XP level 10. HP: 60/88 MP: 10/10
  6031 | D:8      | Reached ***** piety under Okawaru
  6202 | D:8      | Noticed Prince Ribbit
  6213 | D:8      | Killed Prince Ribbit
  6350 | D:9      | Noticed Maurice
  6486 | D:7      | Found a snail-covered altar of Cheibriados.
  6486 | D:7      | Found an oddly glowing altar of Pakellas.
  6486 | D:7      | Found an ancient bone altar of Kikubaaqudgha.
  6486 | D:7      | Found a deep blue altar of Sif Muna.
  6489 | D:7      | Found an opulent altar of Gozag.
  6545 | D:8      | Reached skill level 10 in Shields
  6568 | D:8      | Found a stormy altar of Qazlal.
  6591 | D:8      | Reached skill level 11 in Axes
  6870 | D:9      | Noticed Grum
  6876 | D:9      | Killed Grum
  6885 | D:9      | Received a gift from Okawaru
  7045 | D:10     | Entered Level 10 of the Dungeon
  7065 | D:9      | Noticed Gastronok
  7080 | D:9      | Killed Maurice
  7086 | D:9      | Killed Gastronok
  7086 | D:9      | Received a gift from Okawaru
  7086 | D:9      | Reached skill level 12 in Axes
  7086 | D:9      | Reached XP level 11. HP: 94/99 MP: 13/13
  7128 | D:9      | Found a blossoming altar of Fedhas.
  7345 | D:9      | Found a blossoming altar of Fedhas.
  7543 | D:10     | Found a staircase to the Lair.
  7644 | D:10     | Noticed conein's ghost (journeyman DEFE)
  7653 | D:10     | Killed conein's ghost
  7653 | D:10     | Received a gift from Okawaru
  7653 | D:10     | Reached skill level 10 in Fighting
  8617 | D:11     | Reached skill level 13 in Axes
  8973 | D:11     | Reached XP level 12. HP: 95/107 MP: 15/15
  9041 | D:12     | Noticed Snorg
  9048 | D:12     | Killed Snorg
  9048 | D:12     | Reached ****** piety under Okawaru
  9048 | D:12     | Reached skill level 5 in Evocations
  9052 | D:12     | Received a gift from Okawaru
  9245 | D:12     | Found a roughly hewn altar of Beogh.
  9533 | D:11     | Reached skill level 14 in Axes
 10005 | D:12     | Found a staircase to the Orcish Mines.
 10131 | D:13     | Found a viscous altar of Jiyva.
 10295 | D:12     | Received a gift from Okawaru
 10308 | D:12     | Got a faintly glowing buckler {god gift}
 10389 | D:12     | Identified the +0 buckler of Ucisin {rElec MP-9 Int+6 Stlth+} (Okawaru gifted it to you on level 12 of the Dungeon)
 10602 | D:13     | Noticed Urug
 10802 | Orc:1    | Entered Level 1 of the Orcish Mines
 10818 | Orc:2    | Entered Level 2 of the Orcish Mines
 11152 | Orc:1    | Found a roughly hewn altar of Beogh.
 11557 | Orc:2    | Found a staircase to the Elven Halls.
 11722 | Orc:2    | Reached skill level 15 in Axes
 11722 | Orc:2    | Reached XP level 13. HP: 117/117 MP: 17/17
 11758 | Orc:2    | Noticed Saint Roka
 12301 | Orc:2    | Found a roughly hewn altar of Beogh.
 12556 | Orc:2    | Found a roughly hewn altar of Beogh.
 13011 | Orc:2    | Killed from afar by Saint Roka

Vault maps used:
D:1:      dpeg_arrival_fog, st_stairs_4
D:2:      minmay_crystal_water, minmay_joined_circles
D:3:      first_bread
D:4:      okawaru_trees_1, portal_sewer_entry_e
D:5:      grunt_temple_overflow_holy_war, demons_altar, serial_shops,
          kennysheep_mini_moat, shop, nicolae_ru_the_path_less_chosen,
          uniq_eustachio, uniq_sigmund, uniq_edmund
D:6:      kennysheep_little_box, minmay_temple_entry_poolview
D:7:      nicolae_overflow_hidden_temple
D:8:      minmay_distorted_concentric_squares, nicolae_qazlal_general_emergency,
          uniq_prince_ribbit1
D:9:      lemuel_round_altar, basic_altar, uniq_maurice, uniq_gastronok,
          uniq_grum
D:10:     grunt_lair_entry_orc_guard_hut
D:11:     grunt_ogre_cave
D:12:     david_orc_5, uniq_snorg
D:13:     jiyva_altar_1, uniq_azrael, uniq_erolcha, uniq_urug
Temple:   minmay_temple_bridge_a_8
Orc:1:    basic_altar
Orc:2:    grunt_orc_cross, mines2_david

Action                   |  1- 3 |  4- 6 |  7- 9 | 10-12 | 13-15 || total
-------------------------+-------+-------+-------+-------+-------++-------
Melee: War axe           |    33 |    64 |   548 |       |       ||   645
       Broad axe         |       |       |     6 |   627 |   115 ||   748
Throw: Javelin           |       |       |       |     5 |     8 ||    13
Evoke: Wand              |       |       |     2 |    26 |     5 ||    33
  Use: Potion            |     3 |       |     4 |     3 |     5 ||    15
       Scroll            |     2 |       |    17 |    16 |     1 ||    36
 Stab: Confused          |       |       |       |       |     1 ||     1
  Eat: Meat ration       |       |     1 |     1 |     3 |       ||     5
       Beef jerky        |       |       |     3 |     2 |       ||     5
       Royal jelly       |       |       |     2 |       |       ||     2
       Fruit             |       |       |       |     4 |       ||     4
       Bread ration      |       |       |       |     1 |       ||     1
